 Dungeon Crawl Stone Soup version 0.31-a0-1620-gcbf77bbcfc (webtiles) character file.

Game seed: 9700861914211374636

517 Laraso the Slasher (level 7, 57/57 HPs)
             Began as a Black Draconian Monk on Jan 11, 2024.
             Quit the game on level 4 of the Dungeon.
             The game lasted 00:07:17 (3190 turns).

Laraso the Slasher (Black Draconian Monk)           Turns: 3190, Time: 00:07:17

Health: 57/57      AC:  6    Str: 13    XL:     7   Next: 0%
Magic:  7/7        EV: 13    Int: 10    God:
Gold:   216        SH:  0    Dex: 16    Spells: 6/6 levels left

rFire   . . .        a - +0 falchion
rCold   . . .        c - orb {light}
rNeg    . . .        (body armour unavailable)
rPois   .            (helmet restricted)
rElec   +            (no cloak)
rCorr   .            (no gloves)
SInv    .            (no boots)
Will    .....        g - amulet of regeneration
Stlth   +            (no ring)
HPRegen 1.09/turn    (no ring)
MPRegen 0.10/turn

%: no passive effects
@: glowing
A: breathe lightning, AC +6, unfitting armour, electricity resistance,
cold-blooded
a: Breathe Lightning


You were on level 4 of the Dungeon.
You visited 1 branch of the dungeon, and saw 4 of its levels.

You collected 216 gold pieces.

Inventory:

Hand Weapons
 a - a +0 falchion (weapon)
Missiles
 d - 14 poisoned darts
 n - 3 atropa-tipped darts
 o - a throwing net (quivered)
Armour
 c - an orb of light (worn)
Jewellery
 g - an amulet of regeneration (around neck)
Wands
 r - a wand of flame (27)
Scrolls
 e - a scroll of teleportation
 f - a scroll of poison
 h - 2 scrolls of enchant armour
 k - a scroll of amnesia {unknown}
 l - a scroll of vulnerability {unknown}
 m - 3 scrolls of enchant weapon {unknown}
 p - a scroll of revelation {unknown}
Potions
 b - a potion of ambrosia
 i - a potion of curing {unknown}
 j - 3 potions of heal wounds
 q - a potion of attraction {unknown}
 s - a potion of magic {unknown}


   Skills:
 - Level 3.2 Fighting
 * Level 6.5 Long Blades
 - Level 4.0 Throwing
 - Level 2.6 Dodging


You had 6 spell levels left.
You didn't know any spells.
Your spell library contained the following spells:

 Spells                   Type           Power      Damage    Failure   Level
 Apportation              Tloc           0%         N/A       36%         1
 Jinxbite                 Hex            0%         N/A       50%         2
 Stone Arrow              Conj/Erth      0%         3d7       75%         3
 Alistair's Intoxication  Alch           0%         N/A       100%        5
 Lehudib's Crystal Spear  Conj/Erth      0%         10d2      100%        8
 Animate Armour           Summ/Erth      Unusable   N/A       N/A         4

Dungeon Overview and Level Annotations

Branches:
Dungeon (4/15)
 Temple: D:4-7

Altars:
Zin

Annotations:
D:4 Pikel


Innate Abilities, Weirdness & Mutations

You can breathe wild blasts of lightning.
Your glossy black scales are hard. (AC +6)
You cannot fit into any form of body armour.
You are resistant to electric shocks. (rElec)
You are cold-blooded and may be slowed by cold attacks.


Message History

The gnoll hits you with a +0 short sword.
The endoplasm hits you but does no damage.
You hit the gnoll.
You kill the gnoll!
The endoplasm barely misses you.
You hit the endoplasm.
The endoplasm is moderately wounded.
The endoplasm closely misses you.
You hit the endoplasm.
The endoplasm is almost dead.
The endoplasm freezes you.
You are frozen.
You feel yourself slow down.
You hit the endoplasm.
You kill the endoplasm!
You feel yourself speed up.
Things that are here:
a +0 whip; a gnoll corpse You start resting.
HP restored.
A scorpion comes into view.
The scorpion barely misses you.
You hit the scorpion.
The scorpion is moderately wounded.
The scorpion stings you.
You slash the scorpion!
The scorpion is severely wounded.
The scorpion barely misses you.
You completely miss the scorpion. You tail-slap the scorpion.
The scorpion is almost dead.
The scorpion barely misses you.
Pikel, Merchant of Souls comes into view.
He is wielding a +0 whip of flaming.
You hit the scorpion.
You kill the scorpion!
An orc wizard comes into view. It is wielding a +0 dagger.
You have reached level 7!
Your scales start taking on a glossy black colour.
You learn Air Magic much quicker.
You learn Earth Magic much slower.
You can breathe wild blasts of lightning.
You feel insulated.
Are you sure you want to abandon this character and quit the game? (Confirm with "yes".)

# ############
#.♣♣♣♣###....#.......
##.♣♣._.♣..#....#.......
#......@........#.......
........................
#...............#.......
.#........))).......####
o........##.........#
.#..#######)........#
#.K #.........#### #.
#.............
#....†........


You could see Pikel and an orc wizard (wandering).

Vanquished Creatures
  A scorpion (D:4)
  A howler monkey (D:4)
  A hound (D:3)
  Jessica (D:3)
  Natasha (thrice) (D:3)
  An orc wizard (D:3)
  Robin (D:3)
  12 gnolls
  4 adders
  2 dart slugs (D:1)
  2 ribbon worms (D:4)
  4 orcs
  7 ball pythons
  4 endoplasms
  16 goblins
  10 hobgoblins
  9 jackals
  2 quokkas
  4 bats (D:1)
  2 frilled lizards
  6 kobolds
  4 rats
97 creatures vanquished.

Notes
Turn   | Place    | Note
-------+----------+-------------------------------------------
     0 | D:1      | Laraso the Draconian Monk began the quest for the Orb.
     0 | D:1      | Reached XP level 1. HP: 19/19 MP: 1/1
    83 | D:1      | Reached XP level 2. HP: 26/26 MP: 2/2
   610 | D:1      | Reached skill level 4 in Long Blades
   852 | D:1      | Reached XP level 3. HP: 26/31 MP: 3/3
  1594 | D:2      | Reached skill level 5 in Long Blades
  1594 | D:2      | Reached XP level 4. HP: 34/38 MP: 4/4
  1921 | D:2      | Reached skill level 1 in Throwing
  2050 | D:3      | Reached XP level 5. HP: 45/45 MP: 5/5
  2055 | D:3      | Noticed Natasha
  2063 | D:3      | Killed Natasha
  2071 | D:3      | Noticed Natasha
  2078 | D:3      | Killed Natasha
  2113 | D:3      | Noticed Natasha
  2121 | D:3      | Killed Natasha
  2154 | D:3      | Noticed Robin
  2172 | D:3      | Killed Robin
  2173 | D:3      | Reached XP level 6. HP: 48/51 MP: 6/6
  2255 | D:3      | Noticed Jessica
  2262 | D:3      | Killed Jessica
  3124 | D:4      | Found a glowing silver altar of Zin.
  3140 | D:4      | Reached skill level 6 in Long Blades
  3188 | D:4      | Noticed Pikel
  3190 | D:4      | Your scales start taking on a glossy black colour.
  3190 | D:4      | Reached XP level 7. HP: 57/57 MP: 7/7
  3190 | D:4      | Gained mutation: You are resistant to electric shocks.
                  | (rElec) [Black Draconian growth]
  3190 | D:4      | Quit the game

Illustrated notes

Levels and vault maps discovered:
D:1:      reono_arrival_mine, layout_basic
D:2:      layout_basic, nicolae_half_adder
D:3:      layout_loops_cross, minmay_misc_feat_pillars, uniq_natasha,
          uniq_jessica, uniq_robin
D:4:      layout_basic, zin_academy, ebering_ghost_reflecting_pool,
          serial_corexii_hall, corexii_hall_statues_i, corexii_hall_statues_t,
          serial_shops, nicolae_shop_rolled_up, minmay_curled_crystal,
          uniq_pikel

Skill      XL: |  1  2  3  4  5  6 |
---------------+-------------------+-----
Long Blades    | 4 5 6 |  6.5
Throwing       | 2 4 |  4.0
Fighting       | |  3.2
Dodging        | |  2.6

Action                     |  1- 3 |  4- 6 |  7- 9 || total
---------------------------+-------+-------+-------++-------
  Melee: Falchion          |    97 |   181 |       ||   278
         Tailslap          |    12 |    30 |       ||    42
  Throw: Dart              |     3 |    16 |       ||    19
    Use: Scroll            |       |     4 |       ||     4
 Armour: Skin              |    47 |    95 |       ||   142
  Dodge: Dodged            |    68 |    94 |       ||   162

Table legend: (Time is in decaauts)
 A = Elapsed time spent in this place.
 B = Non-inter-level travel time spent in this place.
 C = Inter-level travel time spent in this place.
 D = Time resting spent in this place.
 E = Time spent auto-exploring this place.
 F = Levels seen in this place.
 G = Mean time per level.
                   A        B        C        D        E       F      G
               +--------+--------+--------+--------+--------+-----+--------+
         Total |   3220 |   3129 |     91 |     33 |   2328 |   4 |  805.0 |
       Dungeon |   3220 |   3129 |     91 |     33 |   2328 |   4 |  805.0 |
               +--------+--------+--------+--------+--------+-----+--------+

Top non-repeatable levels by time:
     D:1: 1213 daAuts
     D:3: 887 daAuts
     D:2: 830 daAuts
     D:4: 289 daAuts
